Map: Chantier naval orbital

Players

Adrian

  • Race: Zerg Zerg
  • League: Master

Naffy - Winner!

  • Race: Terran Terran
  • League: Master

VOD

Have the link to the VOD?

Description

Time

  • Played on: Nov. 25, 2015, 2:38 p.m.
  • Length: 21:17
Show
View Real Time Build Order
Export as new Build Order

Adrian Zerg 

Build Orders: Hatch First 

Get SALT Encoding   

  12  0:01  Drone  
  13  0:08  Drone  
  14  0:15  Extractor  
  14  0:16  Drone  
  15  0:22  Overlord  
  15  0:42  Drone  
  16  0:48  Hatchery  
  15  0:51  Drone  
  15  0:55  Drone  
  17  1:01  Drone  
  18  1:13  Spawning Pool  
  17  1:19  Drone x2  
  19  1:28  Drone  
  19  1:30  Extractor  
  19  1:38  Drone  
  20  1:49  Overlord  
  20  2:00  Zergling x4  
  20  2:01  Queen x2  
  26  2:18  Hatchery  
  26  2:22  Drone  
  25  2:30  Drone x2  
  27  2:42  Metabolic Boost  
  27  2:45  Zergling x4  
  27  2:48  Drone x2  
  31  2:53  Drone  
  31  2:56  Overlord  
  31  2:58  Drone  
  33  3:06  Drone  
  34  3:18  Drone x6  
  34  3:19  Drone  
  41  3:23  Drone  
  42  3:28  Overlord  
  42  3:31  Queen  
  44  3:39  Queen  
  46  3:45  Queen  
  46  3:47  Drone  
  46  3:48  Drone  
  50  3:50  Overlord  
  50  3:53  Drone  
  50  3:54  Drone  
  52  4:01  Zergling x8  
  55  4:07  Zergling x6  
  56  4:15  Spore Crawler  
  53  4:20  Evolution Chamber  
  52  4:27  Spore Crawler  
  52  4:28  Spore Crawler  
  50  4:31  Drone  
  50  4:32  Drone x7  
  50  4:38  Evolution Chamber  
  57  4:39  Evolution Chamber  
  57  4:43  Drone x3  
  59  4:47  Drone  
  59  4:48  Baneling Nest, Spore Crawler  
  53  5:02  Drone  
  53  5:03  Drone x7  
  61  5:13  Zerg Ground Armor Level 1, Zerg Melee Weapons Level 1  
  61  5:20  Lair  
  61  5:22  Extractor  
  61  5:23  Drone x3  
  61  5:24  Drone x2, Extractor  
  61  5:25  Drone  
  61  5:26  Drone  
  66  5:38  Roach Warren, Overlord, Extractor  
  66  5:39  Drone x2  
  64  5:46  Drone x2  
  64  5:47  Drone  
  64  5:49  Overlord  
  66  5:59  Drone x3  
  66  6:01  Drone x2  
  71  6:04  Drone x3  
  71  6:05  Extractor  
  71  6:06  Drone, Extractor  
  71  6:07  Overlord x2  
  71  6:08  Drone  
  71  6:09  Drone  
  75  6:19  Glial Reconstitution  
  75  6:22  Hydralisk Den  
  75  6:23  Drone x2  
  75  6:24  Drone, Overlord  
  75  6:25  Overlord  
  77  6:31  Zergling x6  
  80  6:43  Infestation Pit  
  80  6:44  Overlord  
  80  6:45  Overseer  
  79  6:50  Hatchery  
  79  6:54  Muscular Augments  
  78  6:55  Hydralisk x2  
  82  7:01  Hydralisk x3  
  82  7:06  Hydralisk x2  
  82  7:07  Hydralisk x3  
  97  7:10  Drone x2  
  97  7:11  Drone  
  97  7:12  Drone  
  101  7:21  Hydralisk x3  
  101  7:22  Hydralisk  
  109  7:27  Hive  
  109  7:33  Zerg Missile Weapons Level 1  
  109  7:39  Hydralisk x3  
  109  7:40  Hydralisk  
  117  7:45  Hydralisk x2  
  121  7:56  Overlord x2  
  121  7:59  Hatchery  
  121  8:02  Overlord  
  121  8:04  Zerg Ground Armor Level 2  
  120  8:09  Overlord  
  118  8:21  Pneumatized Carapace  
  118  8:22  Roach x2  
  118  8:23  Roach x7  
  136  8:40  Viper  
  139  8:44  Viper  
  139  8:47  Zergling x14  
  149  8:58  Roach x5  
  149  8:59  Overlord x3  
  159  9:13  Overseer x2  
  159  9:16  Extractor  
  158  9:17  Roach  
  158  9:18  Roach x5, Extractor  
  168  9:24  Spore Crawler, Roach  
  168  9:25  Roach x4  
  168  9:29  Zerg Missile Weapons Level 2  
  177  9:31  Overlord  
  177  9:36  Roach x4  
  185  9:50  Drone x3  
  185  9:51  Drone x3  
  191  9:53  Overlord  
  191  9:55  Drone x2  
  193  10:02  Drone x4  
  193  10:05  Drone  
  198  10:07  Spine Crawler  
  198  10:13  Ultralisk Cavern  
  194  10:18  Viper x2  
  194  10:19  Hatchery  
  194  10:21  Overlord  
  192  10:24  Drone x6  
  198  10:32  Zerg Ground Armor Level 3  
  117  10:50  Roach x10  
  117  10:54  Roach  
  117  10:55  Roach x2  
  119  11:05  Roach x6  
  131  11:21  Ultralisk x2  
  143  11:32  Viper x2  
  149  11:36  Ultralisk  
  156  11:40  Zergling x24  
  156  11:43  Overseer x2  
  156  11:46  Ravager x2  
  169  11:55  Ultralisk  
  161  12:11  Roach  
  161  12:12  Roach x13  
  158  12:16  Hydralisk x2  
  143  12:25  Chitinous Plating  
  143  12:26  Zergling x4  
  143  12:27  Zergling x12  
  147  12:40  Zergling x18  
  147  12:41  Zergling x4  
  141  13:08  Overlord x2, Hydralisk  
  141  13:09  Hydralisk x10  
  163  13:18  Extractor  
  157  13:20  Zerg Melee Weapons Level 2  
  157  13:21  Zerg Missile Weapons Level 3, Extractor  
  157  13:27  Spore Crawler  
  155  13:40  Hydralisk x8  
  169  13:47  Ultralisk  
  175  13:53  Adrenal Glands  
  175  14:04  Ultralisk  
  175  14:07  Drone  
  175  14:08  Drone x2  
  183  14:29  Ultralisk x2  
  190  14:34  Hatchery  
  189  14:43  Ultralisk  
  195  14:54  Zergling x10  
  195  14:55  Zergling x6  
  187  15:09  Ultralisk x2  
  154  15:38  Viper x3  
  154  15:41  Viper x3  
  171  15:48  Zergling x24  
  181  16:03  Drone x2  
  179  16:04  Drone x2  
  179  16:09  Viper x2  
  173  16:20  Drone x7  
  173  16:21  Drone x4  
  184  16:26  Hydralisk x7  
  198  16:33  Zerg Melee Weapons Level 3  
  198  16:37  Spire x2  
  196  16:41  Overseer  
  196  16:58  Hatchery  
  195  17:01  Zergling x8  
  195  17:05  Overseer x2  
  187  17:35  Ultralisk, Zergling x2  
  187  17:36  Zergling x4  
  187  17:37  Zergling x34  
  160  17:52  Viper x3  
  160  17:53  Viper x2  
  147  18:06  Queen x6  
  147  18:07  Zergling x2  
  147  18:08  Zergling x14  
  165  18:21  Zerg Flyer Weapons Level 1, Zerg Flyer Armor Level 1  
  165  18:27  Drone  
  165  18:50  Drone x2  
  165  18:51  Drone x2  
  165  18:52  Drone x4, Extractor  
  165  18:54  Hatchery  
  165  18:55  Extractor  
  170  19:02  Drone x11  
  163  19:15  Drone x3  
  163  19:16  Drone  
  160  19:24  Drone  
  160  19:25  Drone x4  
  124  19:59  Corruptor x5  
  106  20:00  Corruptor  
  110  20:18  Corruptor x4  
  100  20:37  Corruptor  
  100  20:38  Corruptor x2  
Show
View Real Time Build Order
Export as new Build Order

Naffy Terran - Winner!

Build Orders: Reaper Expand, Hellion Banshee, Mech 

Get SALT Encoding   

  12  0:00  SCV  
  13  0:12  SCV  
  14  0:18  Supply Depot  
  14  0:24  SCV  
  15  0:32  Refinery  
  15  0:39  SCV  
  16  0:44  Barracks  
  16  0:51  SCV  
  17  1:03  SCV  
  18  1:15  SCV  
  19  1:31  Reaper, Orbital Command  
  20  1:41  Command Center  
  20  1:54  Factory  
  20  1:57  SCV  
  21  2:09  SCV  
  21  2:11  Barracks Reactor, Supply Depot  
  22  2:19  Refinery  
  22  2:21  SCV  
  23  2:40  SCV  
  24  2:47  Starport  
  24  2:52  SCV  
  24  2:55  Hellion x2, Orbital Command  
  29  3:01  Barracks Tech Lab  
  29  3:04  SCV  
  30  3:16  Hellion x2  
  30  3:17  SCV  
  35  3:25  SCV  
  36  3:29  SCV, Cloaking Field  
  36  3:30  Banshee  
  36  3:32  Supply Depot  
  40  3:37  SCV  
  41  3:41  SCV  
  41  3:44  Hellion x2  
  46  3:54  SCV x2  
  48  3:55  Supply Depot  
  44  4:10  SCV x2  
  44  4:16  Hellion  
  44  4:17  Banshee, Hellion  
  50  4:22  SCV x2  
  51  4:31  Command Center, Refinery  
  51  4:32  Refinery  
  51  4:35  SCV  
  51  4:36  SCV  
  53  4:41  Widow Mine x2  
  57  4:57  SCV x2  
  59  5:04  Banshee  
  62  5:10  Supply Depot  
  62  5:29  Armory  
  62  5:30  Armory  
  62  5:31  Widow Mine x2  
  62  5:32  SCV x2, Factory  
  62  5:33  Supply Depot, Factory  
  62  5:35  Engineering Bay  
  68  5:44  SCV x2  
  68  5:46  Orbital Command  
  70  5:51  Barracks Tech Lab  
  70  5:55  Starport Reactor  
  70  5:56  SCV x2  
  72  6:03  Hellion x2  
  76  6:08  SCV x2  
  78  6:14  Orbital Command  
  78  6:20  SCV x2  
  78  6:22  Terran Vehicle And Ship Armor Level 1, Terran Vehicle Weapons Level 1  
  80  6:28  Infernal Pre-Igniter  
  80  6:32  SCV x2  
  85  6:35  Siege Tank  
  85  6:38  Siege Tank  
  85  6:39  Hellion x2  
  92  6:40  SCV  
  92  6:43  Refinery  
  93  6:48  Refinery  
  93  6:49  Supply Depot  
  93  7:10  SCV x3  
  93  7:11  Supply Depot  
  93  7:12  Supply Depot, Siege Tank  
  93  7:13  Hellion  
  101  7:24  Liberator x2  
  101  7:32  SCV x2  
  101  7:33  Hellion, Siege Tank  
  106  7:42  SCV  
  106  7:44  Supply Depot, SCV x2  
  115  7:46  Supply Depot  
  115  7:48  Hellion  
  115  7:50  Supply Depot  
  117  7:53  Siege Tank  
  117  7:54  SCV  
  117  7:55  Hellion  
  117  7:56  SCV  
  117  7:58  SCV  
  125  8:01  Barracks Reactor  
  125  8:02  Factory  
  125  8:04  Factory  
  125  8:06  SCV  
  125  8:07  Supply Depot, Missile Turret  
  125  8:08  SCV  
  125  8:10  Missile Turret x2  
  125  8:11  Supply Depot, SCV  
  128  8:16  Supply Depot  
  128  8:18  SCV  
  129  8:20  SCV  
  129  8:23  SCV  
  129  8:27  Liberator x2  
  131  8:33  Siege Tank  
  131  8:34  Hellion x2, Siege Tank  
  136  8:37  Terran Vehicle Weapons Level 2  
  136  8:38  Terran Vehicle And Ship Armor Level 2  
  144  8:53  Factory Tech Lab  
  144  9:01  Command Center  
  144  9:06  Command Center  
  144  9:12  Thor, Siege Tank  
  144  9:14  Siege Tank  
  156  9:27  Hellion x2  
  156  9:30  Supply Depot  
  160  9:31  Supply Depot  
  160  9:32  Hellion x2  
  160  9:34  Liberator x2  
  160  9:35  Supply Depot  
  164  9:44  Siege Tank  
  167  9:46  Siege Tank  
  167  9:49  Missile Turret  
  167  9:51  Missile Turret  
  176  9:55  Hellion x2, Siege Tank  
  176  9:58  Supply Depot  
  181  10:22  Planetary Fortress  
  143  10:58  Siege Tank x2  
  143  10:59  Hellion  
  143  11:00  Hellion x3  
  143  11:01  Planetary Fortress  
  143  11:02  Liberator x2  
  166  11:14  Refinery, Terran Ship Weapons Level 1  
  166  11:17  Refinery  
  166  11:18  Missile Turret  
  166  11:19  Terran Vehicle Weapons Level 3  
  166  11:20  Siege Tank  
  166  11:21  Hellion x4  
  174  11:32  Siege Tank x2  
  180  11:42  Hellion  
  180  11:43  Hellion x3  
  188  11:52  Siege Tank  
  191  12:03  Hellion  
  191  12:04  Hellion x3  
  184  12:09  Siege Tank x2, Liberator x2  
  161  12:24  Siege Tank  
  161  12:25  Hellion x4  
  178  12:32  Command Center  
  178  12:33  Command Center  
  178  12:46  Hellion  
  178  12:47  Hellion x3  
  174  13:05  Siege Tank x3  
  180  13:08  Hellion x4  
  180  13:09  Liberator x2  
  194  13:29  Hellion x2  
  194  13:30  Hellion  
  200  13:37  Siege Tank  
  200  13:44  Terran Vehicle And Ship Armor Level 3  
  197  13:51  Hellion  
  197  13:56  Terran Ship Weapons Level 2  
  197  13:57  Command Center  
  197  13:58  Missile Turret  
  197  14:04  Missile Turret  
  197  14:32  Refinery  
  197  14:33  Missile Turret  
  197  14:35  Refinery  
  197  14:36  Missile Turret  
  197  14:44  Refinery  
  197  14:45  Missile Turret  
  197  14:46  Missile Turret  
  197  14:48  Refinery, Liberator x2  
  193  15:03  Thor, Siege Tank  
  193  15:04  Siege Tank  
  193  15:05  Hellion x4  
  187  15:11  Starport  
  187  15:12  Starport  
  187  15:13  Planetary Fortress  
  187  15:14  Planetary Fortress  
  187  15:15  Starport, Fusion Core  
  187  15:16  Starport  
  187  15:25  Planetary Fortress  
  187  15:26  Hellion x2  
  191  15:33  Hellion x2  
  192  15:36  Siege Tank x2  
  195  15:47  Hellion  
  195  15:48  Hellion  
  193  16:03  Siege Tank  
  190  16:05  Hellion x2  
  190  16:08  Siege Tank x2  
  190  16:09  Hellion x2  
  200  16:17  Barracks Tech Lab  
  190  16:21  Terran Ship Weapons Level 3  
  190  16:22  Hi-Sec Auto Tracking  
  190  16:23  Ghost Academy  
  190  16:26  Hellion x2  
  190  16:27  Starport Tech Lab x2  
  190  16:28  Starport Tech Lab x2  
  190  16:30  Hellion x2, Behemoth Reactor  
  198  16:46  Missile Turret  
  198  16:47  Hellion  
  198  16:49  Missile Turret  
  200  17:16  Liberator x2  
  200  17:19  Building Armor  
  200  17:27  Weapon Refit  
  200  17:29  Thor, Siege Tank  
  156  17:30  Siege Tank  
  156  17:31  Hellion x4  
  156  17:32  Battlecruiser x4  
  152  17:45  Command Center  
  150  17:52  Hellion  
  150  17:53  Hellion x3  
  156  18:01  Siege Tank, Liberator x2  
  156  18:02  Siege Tank  
  154  18:12  Siege Tank  
  154  18:13  Hellion  
  154  18:14  Hellion x3  
  169  18:35  Hellion  
  167  18:45  Battlecruiser x2  
  167  18:46  Battlecruiser x2  
  167  18:47  Siege Tank  
  194  18:49  Hellion x2  
  194  18:50  Hellion  
  200  18:59  Terran Infantry Weapons Level 1  
  200  19:01  Sensor Tower  
  188  19:49  Battlecruiser  
  188  19:50  Battlecruiser  
  188  20:11  Battlecruiser x2  
  200  20:15  Liberator x2  
  192  20:27  SCV  
  191  20:33  Siege Tank  
  191  20:35  Hellion x2  
  200  20:39  SCV  
  197  20:43  Hellion  
Tags
 
Add a new tag
Caveats
  • Supply blocks, unpowered buildings, or Contaminate may cause inaccurate times.
  • Supply counts are checked every 10 seconds.